 Dungeon Crawl Stone Soup version 0.29-a0-384-g6960b1960d (webtiles) character file.

Game seed: 7709767880473271809

259 pokeman the Magician (level 5, -3/29 HPs)
             Began as a Deep Elf Hedge Wizard on May 7, 2022.
             Slain by Duvessa
             ... wielding a +0 short sword
              (13 damage)
             ... on level 4 of the Dungeon.
             The game lasted 00:05:55 (3907 turns).

pokeman the Magician (Deep Elf Hedge Wizard)        Turns: 3907, Time: 00:05:56

Health: -3/29      AC:  3    Str:  7    XL:     5   Next: 95%
Magic:  5/16       EV: 13    Int: 21    God:
Gold:   68         SH:  0    Dex: 20    Spells: 5/17 levels left

rFire   + . .      SeeInvis .   w - +2 whip (elec)
rCold   x . .      Faith    .   (no shield)
rNeg    . . .      Spirit   .   l - +0 leather armour
rPois   .          Reflect  .   c - +0 hat
rElec   .          Harm     .   (no cloak)
rCorr   .          Rampage  .   (no gloves)
Will    .....                   (no boots)
Stlth   ++........              f - amulet of regeneration
HPRegen 0.89/turn               q - ring of fire
MPRegen 0.15/turn               i - +6 ring of dexterity

@: no status effects
A: no striking features
a: no special abilities


You were on level 4 of the Dungeon.
You visited 1 branch of the dungeon, and saw 4 of its levels.

You collected 134 gold pieces.
You spent 66 gold pieces at shops.

Inventory:

Hand Weapons
 w - a +2 whip of electrocution (weapon)
Armour
 c - a +0 hat (worn)
 l - a +0 leather armour (worn)
 v - a +0 buckler
Jewellery
 a - an amulet of reflection
 e - a ring of willpower
 f - an amulet of regeneration (around neck)
 i - a +6 ring of dexterity (right hand)
 q - a ring of fire (left hand)
 x - a +6 ring of dexterity
Scrolls
 h - 3 scrolls of teleportation {unknown}
 j - 3 scrolls of fear {unknown}
 n - a scroll of brand weapon {unknown}
 o - 2 scrolls of enchant weapon {unknown}
 s - a scroll of magic mapping
 t - 3 scrolls of identify
 u - a scroll of torment {unknown}
Potions
 b - a potion of resistance {unknown}
 d - 2 potions of magic
 g - a potion of heal wounds {unknown}
 k - 2 potions of ambrosia {unknown}
 m - a potion of lignification {unknown}
 p - a potion of attraction {unknown}
 r - 2 potions of curing {unknown}
 z - a potion of haste {unknown}


   Skills:
 - Level 1.0 Fighting
 - Level 1.0 Armour
 - Level 3.2 Dodging
 - Level 2.4 Stealth
 + Level 0.4 Shields
 * Level 6.6 Spellcasting
 + Level 3.0 Conjurations
 - Level 1.1 Summonings
 - Level 1.1 Translocations
 - Level 1.0 Fire Magic
 - Level 1.0 Air Magic
 + Level 0.6 Poison Magic


You had 5 spell levels left.
You knew the following spells:

 Your Spells              Type           Power      Damage    Failure   Level
a - Magic Dart            Conj           76%        1d6       3%          1
b - Mephitic Cloud        Conj/Pois/Air  13%        N/A       21%         3
c - Call Imp              Summ           11%        N/A       13%         2
d - Blink                 Tloc           22%        N/A       13%         2
e - Conjure Flame         Conj/Fire      23%        6-21      17%         3
f - Foxfire               Conj/Fire      92%        2x1d8     6%          1

Your spell library contained the following spells:

 Spells                   Type           Power      Damage    Failure   Level
 Slow                     Hex            28%        N/A       13%         1
 Inner Flame              Hex/Fire       13%        N/A       32%         3
 Flame Wave               Conj/Fire      23%        2d7       50%         4


Dungeon Overview and Level Annotations

Branches:
Dungeon (4/15)
 Temple: D:4-7

Altars:
Ru

Shops:
D:2 ?

Annotations:
D:4 Duvessa


Message History

Duvessa is heavily wounded.
Duvessa rages.
The foxfire hits Duvessa!
Duvessa is heavily wounded.
Casting: Foxfire (safe; 6% risk of failure)
Confirm with . or Enter, or press ? or * to list all spells.
You feel a surge of power!
You conjure some foxfire!
The foxfire hits Duvessa.
Duvessa is heavily wounded.
The foxfire hits Duvessa.
Duvessa is heavily wounded.
Unknown command.
Casting: Foxfire (safe; 6% risk of failure)
Confirm with . or Enter, or press ? or * to list all spells.
You feel a surge of power!
You conjure some foxfire!
The foxfire hits Duvessa.
Duvessa is heavily wounded.
The foxfire hits Duvessa but does no damage.
Duvessa is heavily wounded.
Duvessa hits you with a +0 short sword.
Casting: Foxfire (safe; 6% risk of failure)
Confirm with . or Enter, or press ? or * to list all spells.
You feel a surge of power!
You conjure some foxfire!
The foxfire hits Duvessa.
Duvessa is severely wounded.
The foxfire hits Duvessa but does no damage.
Duvessa is severely wounded.
Duvessa hits you with a +0 short sword! Duvessa hits you with a +0 short sword.
Casting: Foxfire (safe; 6% risk of failure)
Confirm with . or Enter, or press ? or * to list all spells.
You feel a surge of power!
You conjure some foxfire!
The foxfire hits Duvessa.
Duvessa is severely wounded.
The foxfire hits Duvessa but does no damage.
Duvessa is severely wounded.
Duvessa hits you with a +0 short sword!
* * * LOW HITPOINT WARNING * * *
The foxfire hits Duvessa.
Duvessa is severely wounded.
The foxfire hits Duvessa.
Duvessa is almost dead.
Duvessa completely misses you. Duvessa hits you with a +0 short sword!
You die...

#...## ....... .....##
...... #.. ......## ....
#.... .......## #..#
#...... ........## #..#
##........ .........####..#
#.........
...............###.........
...........###..#..........
.).......### ##.@#.........
.........# ##.e......)..
........## ##..........
........# ##.........
.......## ##........ .)....
##....... ....... #......
#..†..


You could see Duvessa (berserk, fast).

Vanquished Creatures
  An ogre (D:4)
  Dowan (D:4)
  4 gnolls (D:2)
  An adder (D:3)
  A worm (D:2)
  3 dart slugs
  5 ball pythons
  2 endoplasms
  A giant cockroach (D:1)
  12 goblins
  7 hobgoblins
  4 jackals (D:4)
  8 kobolds
  A quokka (D:1)
  8 bats
  5 rats
64 creatures vanquished.

Vanquished Creatures (others)
  125 foxfires
125 creatures vanquished.

Grand Total: 189 creatures vanquished

Notes
Turn   | Place    | Note
-------+----------+-------------------------------------------
     0 | D:1      | pokeman the Deep Elf Hedge Wizard began the quest for the
                  | Orb.
     0 | D:1      | Reached XP level 1. HP: 10/10 MP: 7/7
   311 | D:1      | Reached XP level 2. HP: 15/15 MP: 6/9
   570 | D:1      | You fall into a shaft and drop 1 floor!
   627 | D:2      | Reached skill level 5 in Spellcasting
  1063 | D:1      | Reached XP level 3. HP: 20/20 MP: 3/11
  1067 | D:1      | Learned a level 3 spell: Mephitic Cloud
  1070 | D:1      | Learned a level 2 spell: Call Imp
  1073 | D:1      | Learned a level 2 spell: Blink
  1077 | D:1      | Learned a level 3 spell: Conjure Flame
  1126 | D:1      | Found a faded altar of an unknown god.
  1736 | D:2      | Found a sacrificial altar of Ru.
  1833 | D:2      | Learned a level 1 spell: Foxfire
  2242 | D:2      | Found Kamet's Magic Scroll Emporium.
  2293 | D:2      | Bought a scroll of magic mapping for 42 gold pieces
  2293 | D:2      | Bought a scroll of identify for 24 gold pieces
  2317 | D:2      | Reached skill level 1 in Armour
  2320 | D:2      | Reached skill level 1 in Fighting
  2395 | D:2      | Reached XP level 4. HP: 25/25 MP: 3/13
  3162 | D:3      | Reached skill level 1 in Fire Magic
  3794 | D:4      | Noticed an ogre
  3799 | D:4      | Killed an ogre
  3800 | D:4      | Reached skill level 6 in Spellcasting
  3800 | D:4      | Reached skill level 1 in Air Magic
  3800 | D:4      | Reached XP level 5. HP: 29/29 MP: 8/15
  3892 | D:4      | Noticed Dowan
  3897 | D:4      | Noticed Duvessa
  3897 | D:4      | Killed Dowan
  3907 | D:4      | Slain by Duvessa

Illustrated notes

Levels and vault maps discovered:
D:1:      dpeg_arrival_morbid_curiosity, layout_basic,
          chequers_ecumenical_altar_lobes, solitary_fountain, hex_intersection,
          minmay_misc_feat_tower
D:2:      layout_basic, serial_shops, nicolae_shop_waterfront, basic_altar
D:3:      layout_basic
D:4:      layout_cave_pods, uniq_natasha, uniq_duvessa, uniq_blork_the_orc

Skill      XL: |  1  2  3  4  5 |
---------------+----------------+-----
Spellcasting   | 5 6 |  6.6
Armour         | 1 |  1.0
Conjurations   | 2 3 |  3.0
Fighting       | 1 |  1.0
Fire Magic     | 1 |  1.0
Dodging        | 3 |  3.2
Air Magic      | 1 |  1.0
Stealth        | |  2.4
Shields        | |  0.4
Summonings     | |  1.1
Translocations | |  1.1
Poison Magic   | |  0.6

Action                   |  1- 3 |  4- 6 || total
-------------------------+-------+-------++-------
Melee: Dagger            |     1 |     2 ||     3
       Whip              |       |     1 ||     1
 Cast: Magic Dart        |    81 |       ||    81
       Foxfire           |    25 |    45 ||    70
 Stab: Sleeping          |       |     1 ||     1
Armor: Robe              |     1 |       ||     1
       Leather armour    |     6 |     2 ||     8
Dodge: Dodged            |     5 |     4 ||     9

Table legend: (Time is in decaauts)
 A = Elapsed time spent in this place.
 B = Non-inter-level travel time spent in this place.
 C = Inter-level travel time spent in this place.
 D = Time resting spent in this place.
 E = Time spent auto-exploring this place.
 F = Levels seen in this place.
 G = Mean time per level.
                   A        B        C        D        E       F      G
               +--------+--------+--------+--------+--------+-----+--------+
         Total |   3904 |   3813 |     91 |      0 |   3396 |   4 |  976.0 |
       Dungeon |   3904 |   3813 |     91 |      0 |   3396 |   4 |  976.0 |
               +--------+--------+--------+--------+--------+-----+--------+

Top non-repeatable levels by time:
     D:1: 1611 daAuts
     D:2: 1232 daAuts
     D:3: 738 daAuts
     D:4: 322 daAuts
